Map: Submarine LE

Players

Sixset - Winner!

  • Race: Protoss Protoss
  • League: Diamond
  • Spawn Location: 5:00

Massa

  • Race: Terran Terran
  • League: Platinum
  • Spawn Location: 11:00

VOD

Have the link to the VOD?

Description

Time

  • Played on: Sept. 26, 2020, 10:11 a.m.
  • Length: 18:18
Show
View Real Time Build Order
Export as new Build Order

Sixset Protoss - Winner!

Build Orders: 1 Gate Expand, Archon Immortal 

Get SALT Encoding   

  12  0:00  Probe  
  13  0:12  Probe  
  14  0:18  Pylon  
  14  0:24  Probe  
  15  0:28  Assimilator  
  15  0:40  Gateway  
  15  0:43  Probe (Chrono Boost)  
  16  0:52  Probe (Chrono Boost)  
  17  0:57  Probe (Chrono Boost)  
  17  1:00  Pylon  
  18  1:09  Probe (Chrono Boost)  
  20  1:18  Probe (Chrono Boost)  
  20  1:23  Probe (Chrono Boost)  
  20  1:28  Cybernetics Core  
  21  1:43  Nexus  
  21  1:49  Assimilator  
  21  1:51  Probe  
  22  2:04  Warp Gate, Probe (Chrono Boost)  
  22  2:06  Stalker  
  26  2:16  Probe (Chrono Boost)  
  26  2:21  Probe (Chrono Boost)  
  27  2:32  Robotics Facility  
  27  2:35  Pylon, Stalker  
  29  2:38  Probe  
  31  2:51  Probe (Chrono Boost)  
  31  3:00  Probe (Chrono Boost)  
  33  3:06  Zealot  
  33  3:09  Probe (Chrono Boost)  
  33  3:11  Probe (Chrono Boost)  
  36  3:15  Probe (Chrono Boost)  
  36  3:18  Immortal (Chrono Boost)  
  36  3:19  Probe  
  42  3:33  Stalker  
  34  3:48  Immortal (Chrono Boost)  
  36  3:57  Shield Battery  
  36  4:02  Stalker  
  36  4:22  Gateway  
  36  4:25  Gateway  
  36  4:39  Probe  
  36  4:40  Probe  
  38  4:51  Pylon, Probe  
  38  4:52  Probe  
  36  4:55  Pylon  
  36  5:03  Stalker  
  36  5:04  Probe x2 (Chrono Boost)  
  40  5:12  Immortal  
  44  5:16  Probe x2 (Chrono Boost)  
  46  5:23  Shield Battery  
  46  5:27  Assimilator, Probe x2 (Chrono Boost)  
  46  5:31  Assimilator  
  48  5:43  Probe x2  
  48  5:44  Twilight Council  
  50  5:53  Immortal  
  54  5:57  Probe x2  
  56  6:11  Stalker  
  56  6:12  Stalker  
  56  6:13  Zealot  
  56  6:16  Probe x2  
  56  6:17  Charge (Chrono Boost)  
  64  6:28  Probe x2  
  66  6:34  Immortal  
  70  6:49  Templar Archives  
  70  7:04  Nexus  
  70  7:08  Pylon  
  70  7:14  Pylon  
  70  7:19  Pylon  
  70  7:26  Probe x2  
  70  7:29  High Templar x2  
  76  7:34  Archon  
  76  7:37  Sentry  
  76  7:38  Probe x2  
  76  7:43  Blink (Chrono Boost)  
  80  7:49  Immortal  
  80  7:50  Probe x2  
  86  8:02  Probe x2  
  86  8:03  High Templar  
  86  8:04  High Templar  
  90  8:05  Zealot, Pylon  
  90  8:08  Pylon  
  90  8:09  Archon  
  92  8:14  Probe x2  
  92  8:18  Shield Battery  
  94  8:36  Zealot  
  94  8:38  Zealot  
  94  8:39  Zealot  
  94  8:40  Probe x3  
  103  8:49  Assimilator  
  103  8:52  Probe  
  103  8:54  Assimilator  
  104  8:57  Pylon  
  104  9:00  Pylon  
  104  9:03  Forge  
  104  9:05  Gateway  
  104  9:08  Gateway  
  104  9:10  High Templar x3  
  104  9:12  Gateway, Probe x3  
  104  9:16  Pylon  
  113  9:19  Pylon  
  113  9:22  Pylon  
  113  9:24  Observer (Chrono Boost), Probe  
  115  9:36  Shield Battery  
  115  9:37  Immortal (Chrono Boost), Probe x2  
  115  9:38  Gateway  
  121  9:39  Gateway  
  121  9:40  Archon  
  121  9:42  High Templar  
  121  9:43  High Templar x2  
  127  9:47  Archon  
  127  9:48  Archon  
  127  10:05  High Templar x2  
  131  10:08  Nexus  
  131  10:09  Pylon  
  131  10:11  Archon, Pylon  
  131  10:17  Protoss Ground Weapons Level 1 (Chrono Boost), Probe x2  
  131  10:18  Probe  
  134  10:26  Immortal  
  138  10:29  Probe  
  138  10:30  High Templar x2, Probe x2  
  138  10:31  Zealot x2  
  138  10:34  Archon  
  149  10:42  Probe x2  
  151  10:43  Assimilator  
  151  10:49  Assimilator  
  151  10:50  High Templar x2  
  151  10:51  Pylon  
  151  10:52  High Templar  
  151  10:53  Zealot, Pylon  
  151  10:54  Zealot  
  151  10:56  Archon  
  161  10:57  Shield Battery  
  161  11:00  Zealot  
  161  11:01  Shield Battery, Probe x3  
  166  11:12  Gateway  
  166  11:15  Gateway  
  166  11:17  Gateway  
  166  11:20  Gateway  
  166  11:21  Probe x3  
  169  11:31  Photon Cannon  
  169  11:34  Photon Cannon  
  169  11:36  Photon Cannon  
  169  11:39  Photon Cannon  
  169  11:41  High Templar x5  
  169  11:43  Zealot  
  169  11:45  Archon x2  
  181  12:00  Archon  
  181  12:09  Protoss Ground Armor Level 1 (Chrono Boost)  
  181  12:12  Pylon  
  181  12:15  Pylon  
  181  12:17  Zealot, Pylon  
  181  12:18  Zealot x5  
  181  12:19  Zealot x3  
  181  12:20  Shield Battery  
  199  12:25  Shield Battery  
  199  12:26  Shield Battery  
  199  13:24  Zealot x2  
  199  13:25  Zealot x2  
  199  13:26  Zealot x4  
  199  13:27  Zealot x3  
  199  13:28  Zealot  
  134  13:41  Immortal (Chrono Boost)  
  132  13:52  Probe x3  
  132  13:54  Gateway  
  135  13:56  Gateway  
  135  13:58  Gateway  
  135  13:59  High Templar x6  
  135  14:00  Protoss Ground Weapons Level 2, High Templar x6, Gateway  
  159  14:03  Gateway  
  159  14:05  Archon  
  159  14:11  Archon  
  159  14:12  Archon x3  
  159  14:13  Archon  
  159  14:18  Immortal (Chrono Boost)  
  159  14:20  Nexus  
  163  14:34  Zealot x5  
  163  14:35  Zealot x6  
  163  14:36  Zealot  
  187  14:50  Assimilator  
  191  14:53  Assimilator  
  191  14:55  Pylon  
  191  14:59  Pylon x2  
  191  15:01  Pylon  
  191  15:04  Pylon  
  191  15:06  Pylon, Observer (Chrono Boost)  
  187  15:16  Photon Cannon  
  187  15:19  Observer (Chrono Boost), Photon Cannon  
  187  15:20  Photon Cannon  
  188  15:21  Photon Cannon  
  188  15:23  Photon Cannon  
  188  15:25  Photon Cannon  
  188  15:26  Photon Cannon  
  124  15:37  Zealot x4  
  124  15:38  Zealot x4  
  124  15:39  Zealot x6  
  124  15:40  Zealot x3  
  117  15:56  Observer  
  91  16:17  High Templar x2  
  91  16:18  High Templar x2, Observer  
  99  16:19  High Templar x5  
  99  16:20  High Templar x6  
  99  16:21  Nexus, High Templar  
  99  16:23  Archon x4  
  99  16:24  Archon x2  
  99  16:25  Archon  
  122  16:27  Archon  
  110  16:50  Pylon  
  110  16:52  Zealot  
  110  16:54  Zealot, Pylon  
  110  16:55  Zealot x7  
  110  16:56  Zealot  
  110  16:58  Assimilator  
  110  17:00  Assimilator  
  128  17:10  High Templar x4  
  128  17:11  High Templar x3  
  142  17:19  Probe  
  143  17:24  Archon  
  143  17:25  Archon  
  143  17:26  Archon  
  143  17:31  Probe  
  140  17:43  Probe  
  111  17:55  Probe  
  99  18:13  Zealot x3  
  99  18:14  Zealot x7  
  99  18:15  Zealot x3  
  99  18:16  Zealot x4  
Show
View Real Time Build Order
Export as new Build Order

Massa Terran 

Build Orders:  

Get SALT Encoding   

  12  0:00  SCV  
  13  0:12  SCV  
  14  0:17  Supply Depot  
  14  0:29  SCV  
  15  0:39  Barracks  
  15  0:41  SCV  
  16  0:51  Barracks  
  16  0:59  Refinery  
  16  1:01  SCV  
  17  1:10  Refinery  
  17  1:16  SCV  
  18  1:28  SCV  
  19  1:32  Marine  
  19  1:38  Barracks Tech Lab  
  20  1:40  SCV  
  21  1:50  Marine  
  21  1:52  Orbital Command  
  22  2:08  Supply Depot, Marine  
  22  2:14  Stimpack  
  23  2:29  Marine  
  23  2:30  Marauder, SCV  
  27  2:46  SCV  
  27  2:47  Marine  
  29  2:51  Marauder  
  31  3:04  Command Center  
  31  3:11  Supply Depot  
  31  3:32  Bunker  
  31  3:33  Marine  
  32  3:44  Marauder  
  34  3:50  Marine  
  31  4:06  Marauder  
  31  4:08  Marine  
  32  4:13  SCV  
  33  4:17  Orbital Command  
  33  4:25  SCV  
  33  4:26  Marine  
  33  4:27  Marauder  
  37  4:37  SCV  
  36  4:44  Marine  
  37  4:48  Bunker  
  37  4:49  Marauder, SCV  
  33  5:02  Marine  
  34  5:10  Marauder  
  34  5:12  Bunker  
  36  5:17  Factory, SCV x2  
  38  5:28  Barracks  
  38  5:29  SCV x2  
  38  5:31  Marauder  
  42  5:39  Barracks  
  42  5:40  Engineering Bay  
  42  5:42  Engineering Bay  
  42  5:53  Marauder  
  42  5:54  Barracks Reactor  
  44  6:00  Factory Tech Lab  
  44  6:01  SCV  
  44  6:02  SCV  
  46  6:10  Starport  
  46  6:14  Marauder, SCV x2  
  46  6:15  Command Center  
  50  6:20  Missile Turret x2  
  50  6:21  Supply Depot  
  50  6:23  Supply Depot  
  50  6:26  Supply Depot  
  50  6:31  Terran Infantry Weapons Level 1  
  50  6:33  Terran Infantry Armor Level 1  
  50  6:35  Barracks Reactor  
  50  6:38  Marauder, Marine  
  53  6:41  Marine  
  53  6:42  Missile Turret  
  53  6:46  Cyclone  
  57  6:47  Missile Turret  
  57  6:48  Starport Tech Lab  
  57  6:54  Missile Turret  
  57  6:56  Barracks Reactor, Marine  
  57  6:58  Marine  
  59  7:05  Missile Turret  
  59  7:06  Banshee  
  62  7:10  Missile Turret  
  62  7:19  Armory  
  62  7:30  Concussive Shells  
  62  7:34  Marine x2  
  62  7:35  Marine x2  
  62  7:36  Marauder, Marine x2  
  70  7:44  SCV  
  70  7:45  SCV  
  70  7:50  Refinery  
  72  7:52  Marine x2, Refinery  
  72  7:53  Marine x3  
  72  7:54  Marine  
  72  7:56  SCV  
  72  7:57  SCV  
  72  7:58  Marauder  
  73  8:08  SCV  
  73  8:09  SCV  
  73  8:10  Marine  
  76  8:20  Orbital Command, SCV  
  76  8:21  SCV  
  78  8:27  Command Center  
  78  8:33  SCV  
  76  8:42  Marine x2  
  79  8:48  Missile Turret, SCV  
  79  8:49  SCV x2  
  81  8:55  Banshee  
  81  8:57  Cloaking Field  
  81  8:59  Missile Turret, Marine  
  85  9:09  Missile Turret  
  85  9:10  Supply Depot  
  85  9:15  Supply Depot  
  85  9:18  Supply Depot, Missile Turret  
  85  9:21  Supply Depot  
  85  9:24  Supply Depot  
  85  9:32  Siege Tank, Marine x4, SCV  
  85  9:37  SCV x2  
  95  9:38  Raven  
  95  9:40  Missile Turret, Ghost Academy  
  95  9:44  SCV  
  98  9:49  SCV x2  
  98  9:51  Barracks  
  100  9:53  Terran Infantry Armor Level 2  
  100  9:54  Terran Infantry Weapons Level 2  
  100  9:56  Terran Vehicle And Ship Armor Level 1, SCV  
  100  9:57  Orbital Command  
  101  10:01  Missile Turret, SCV x2  
  103  10:08  SCV  
  103  10:10  Enhanced Shockwaves  
  103  10:13  SCV x2  
  106  10:25  Barracks  
  106  10:27  Banshee  
  109  10:35  Barracks Tech Lab, Refinery  
  109  10:38  Refinery  
  109  10:39  Barracks Tech Lab  
  109  10:58  Combat Shield  
  109  10:59  Ghost  
  109  11:00  Ghost  
  113  11:19  SCV x3  
  116  11:31  SCV  
  117  11:33  Orbital Command  
  117  11:34  Refinery  
  117  11:38  Refinery  
  117  11:52  Ghost x2  
  117  11:53  Marine x2  
  117  11:54  Marine x4  
  124  12:01  SCV  
  124  12:02  SCV x3  
  128  12:08  Personal Cloaking  
  128  12:11  Marine x3  
  128  12:12  Marine x3  
  128  12:14  SCV  
  135  12:18  Ghost Academy  
  135  12:19  Ghost Academy  
  135  12:20  Ghost x2  
  139  12:29  Marine  
  140  12:39  Marine  
  138  12:47  Sensor Tower  
  138  12:50  Marauder, Missile Turret  
  140  12:54  Missile Turret  
  140  13:09  Supply Depot  
  140  13:11  Supply Depot x2  
  140  13:12  Supply Depot x2  
  140  13:13  Missile Turret  
  140  13:20  Marine x2  
  140  13:21  Marine x2  
  140  13:22  Marine x2  
  140  13:23  Marauder x2  
  140  13:24  Banshee  
  106  13:36  Supply Depot, Missile Turret  
  106  13:38  Marine x4  
  106  13:39  Marine x2  
  91  13:52  Ghost  
  91  13:56  Marine x2, Ghost  
  91  13:57  Marine  
  94  14:07  Banshee  
  94  14:08  Sensor Tower  
  97  14:16  Nuke x3  
  97  14:21  Ghost  
  97  14:22  Marine  
  97  14:23  Marine x5  
  105  14:25  Ghost  
  105  14:26  Thor  
  105  14:30  Command Center  
  113  14:40  Marine x5  
  113  14:41  Marine  
  119  14:49  Ghost  
  121  14:53  Ghost  
  121  14:58  Marine x5  
  128  15:08  Thor  
  134  15:18  Marine, Ghost  
  134  15:19  Marine x5  
  142  15:22  Ghost  
  101  15:36  Marine  
  101  15:37  Marine  
  101  15:38  Marine x4  
  93  15:46  Ghost  
  79  15:50  Ghost  
  79  15:54  Marine  
  79  15:55  Marine  
  79  15:56  Marine x4  
  71  16:09  Thor  
  66  16:12  Marine x2  
  66  16:15  Ghost  
  64  16:20  Marauder  
  54  16:26  Command Center  
  44  16:40  Marine x2  
  44  16:41  Marauder, Banshee  
  44  16:44  Marauder  
  47  16:52  Thor  
  46  16:58  Marine x4  
  44  17:03  Nuke x2  
  44  17:06  Nuke  
  48  17:12  Orbital Command, Ghost  
  48  17:14  Ghost  
  48  17:15  Marine x2  
  48  17:16  Marine x2  
  48  17:21  Command Center  
  52  17:33  Marine x2  
  54  17:41  Ghost  
  54  17:43  Ghost  
Tags
 
Add a new tag
Caveats
  • Supply blocks, unpowered buildings, or Contaminate may cause inaccurate times.
  • Supply counts are checked every 10 seconds.